 Dungeon Crawl Stone Soup version 0.29-a0-542-g075992c915 (webtiles) character file.

Game seed: 6962646010350308344

2202 oldmanjim the Skirmisher (level 9, 0/129 (139) HPs)
             Began as an Ogre Ice Elementalist on June 3, 2022.
             Was an Initiate of Vehumet.
             Slain by a wight
             ... wielding a +0 mace
              (1 damage)
             ... on level 7 of the Dungeon on June 4, 2022.
             The game lasted 01:02:27 (9584 turns).

oldmanjim the Skirmisher (Ogre Ice Elementalist)    Turns: 9584, Time: 01:02:27

HP:   0/129 (139)   AC: 24    Str: 14    XL:     9   Next: 34%
MP:   15/19         EV:  1    Int: 20    God:    Vehumet [......]
Gold: 415           SH:  0    Dex:  9    Spells: 10/21 levels left

rFire   . . .      SeeInvis .   a - +1 dagger (venom)
rCold   . . .      Faith    .   (no shield)
rNeg    . . .      Spirit   .   (body armour currently unavailable)
rPois   +          Reflect  .   (helmet currently unavailable)
rElec   .          Harm     .   (cloak currently unavailable)
rCorr   .          Rampage  .   (gloves unavailable)
Will    .....      NoTele   +   (boots unavailable)
Stlth   ++........              (no amulet)
HPRegen 0.31/turn               (no ring)
MPRegen 0.16/turn               (no ring)

@: tree-form, drained
A: stationary, stasis, torment immunity, boosted hp, large, unfitting armour,
(tough skin 1)
a: Renounce Religion


You were on level 7 of the Dungeon.
You worshipped Vehumet.
Vehumet was noncommittal.
You were a tree.
You visited 2 branches of the dungeon, and saw 9 of its levels.

You collected 415 gold pieces.

Inventory:

Hand Weapons
 a - a +1 dagger of venom (weapon)
 i - a +0 short sword
 B - the +4 mace of Saltpetre {flame, rCorr Str+9 Int-3 Dex-5}
   (You found it on level 6 of the Dungeon)

   It burns those it strikes, dealing additional fire damage.
   Str:       It affects your strength (+9).
   Int:       It affects your intelligence (-3).
   Dex:       It affects your dexterity (-5).
   rCorr:     It protects you from acid and corrosion.
Missiles
 d - 157 stones
 f - 2 throwing nets
 u - 5 large rocks (quivered)
 z - 5 poisoned darts
 E - a curare-tipped dart
 G - 8 boomerangs
Armour
 t - a +0 kite shield
 C - +0 steam dragon scales (melded)
Wands
 p - a wand of polymorph (11)
 y - a wand of digging (5)
 F - a wand of paralysis (14)
Scrolls
 l - a scroll of brand weapon {unknown}
 m - 3 scrolls of amnesia
 o - a scroll of fear {unknown}
 q - a scroll of noise {unknown}
 s - a scroll of vulnerability {unknown}
 v - 2 scrolls of enchant armour {unknown}
 w - 2 scrolls of teleportation
 x - a scroll of immolation {unknown}
 A - a scroll of poison
 D - a scroll of fog
Potions
 b - a potion of magic
 c - 2 potions of lignification
 e - 3 potions of curing
 h - 2 potions of haste {unknown}
 j - a potion of might {unknown}
 k - 3 potions of flight
 n - 2 potions of resistance
 r - 2 potions of cancellation {unknown}
 H - a potion of heal wounds {unknown}


   Skills:
 + Level 7.3 Fighting
 - Level 2.0 Dodging
 - Level 2.1 Stealth
 + Level 5.3 Shields
 + Level 6.8 Spellcasting
 + Level 3.5 Conjurations
 - Level 6.0 Ice Magic


You had 10 spell levels left.
You knew the following spells:

 Your Spells              Type           Power      Damage    Failure   Level
a - Freeze                Ice            100%       1d11      1%          1
b - Frozen Ramparts       Ice            60%        1d8       2%          3
c - Ozocubu's Armour      Ice            30%        N/A       2%          3
d - Hailstorm             Conj/Ice       25%        3d7       14%         4

Your spell library contained the following spells:

 Spells                   Type           Power      Damage    Failure   Level
 Apportation              Tloc           12%        N/A       10%         1
 Necrotize                Necr           24%        1d5       10%         1
 Summon Small Mammal      Summ           24%        N/A       10%         1
 Dazzling Flash           Conj/Hex       26%        N/A       14%         3
 Mephitic Cloud           Conj/Pois/Air  11%        N/A       19%         3
 Ignite Poison            Fire/Tmut/Pois 6%         N/A       28%         3
 Inner Flame              Hex/Fire       6%         N/A       28%         3
 Iskenderun's Mystic Bla  Conj/Tloc      13%        2d5       43%         4
 Freezing Cloud           Conj/Ice/Air   9%         6-21      58%         5
 Cause Fear               Hex            3%         N/A       67%         4
 Starburst                Conj/Fire      6%         6d4       100%        6
 Discord                  Hex            3%         N/A       100%        8


Dungeon Overview and Level Annotations

Branches:
Dungeon (8/15)             Temple (1/1) D:7
   Lair: D:8-11

Altars:
Ashenzari
Cheibriados
Dithmenos
Elyvilon
Fedhas
Gozag
Hepliaklqana
Kikubaaqudgha
Makhleb
Nemelex Xobeh
Qazlal
Sif Muna
Trog
Uskayaw
Vehumet
Wu Jian
Xom
Yredelemnul
Zin
The Shining One

Shops:
D:4 (   D:5 (

Annotations:
D:8 Joseph


Innate Abilities, Weirdness & Mutations

You are a tree.
Your roots penetrate the ground, keeping you stationary.
You cannot be teleported.
You are immune to unholy pain and torment.
Your maximum health is greatly increased.
Your equipment is partially melded.
You are too large for most types of armour.
((You have tough skin. (AC +1)))


Message History

The water moccasin is moderately wounded.
The water moccasin is no longer moving slowly.
Joseph shoots a sling bullet.
The sling bullet hits you.
The wall freezes the water moccasin.
The water moccasin seems to slow down.
The water moccasin bites you.
The wight hits you from afar with a +4 halberd!
The wight resists.
The wall freezes the wight.
The wight barely misses you.
The wight resists.
The wall freezes the wight.
The wight closely misses you.
Your icy armour and frozen ramparts will break if you move.
Continue?
The wight attacks as you move away! The wight hits you but does no damage.
Your icy armour cracks and falls away as you move.
The frozen ramparts melt away as you move.
Joseph shoots a sling bullet.
The sling bullet hits you! The water moccasin closely misses you.
There is a stone staircase leading up, spattered with blood here.
Joseph shoots a sling bullet.
The sling bullet hits you!
* * * LOW HITPOINT WARNING * * *
The wight hits you from afar with a +4 halberd!
* * * LOW HITPOINT WARNING * * *
The wight hits you with a +0 mace!
* * * LOW HITPOINT WARNING * * *
You feel drained.
* * * LOW HITPOINT WARNING * * *
The water moccasin bites you but does no damage.
You climb upwards.
There is a stone staircase leading down here.
The wight attacks as you move away! The wight hits you with a +0 mace.
* * * LOW HITPOINT WARNING * * *
The water moccasin is no longer moving slowly.
The wight attacks as you move away! The wight barely misses you.
The wight attacks as you move away! The wight hits you with a +0 mace.
* * * LOW HITPOINT WARNING * * *
You feel drained.
* * * LOW HITPOINT WARNING * * *
You turn into a tree.
Your +0 steam dragon scales melds into your body.
Your roots penetrate the ground.
The wight hits you with a +0 mace.
* * * LOW HITPOINT WARNING * * *
You feel drained.
You die...

......#####>####...###
.....######S##.......######
.....# #..................#
.....# #.##.##...#..#.....#
.....# #.##..#............#
####.# #.###...#......#...#
####.###.# #..S...........##
.........# ##..z...........####
###.###..# #..#♣.....#.......#
###.# #..# ##...........#.##.###
..#.# #..# #...#..#.......[....
....###..#####.........###.##.###
......>........##....### #.##.#
...####..###.#####.#.# #.##.#
#.#####..# #.#####...#####.##.#
.........# #............##.##)#
.......### #.###.###.##.##.##.#


You could see a water moccasin and a wight.

Vanquished Creatures
  Sigmund (D:3)
  A steam dragon (D:7)
  2 ogres
  A centaur (D:6)
  A phantom (D:7)
  A kobold brigand (D:7)
  4 bullfrogs
  A gnoll sergeant (D:6)
  2 scorpions (D:7)
  5 killer bees (D:7)
  A howler monkey (D:8)
  2 jellies
  4 orc priests
  5 hounds
  2 iguanas
  A gnoll shaman (D:5)
  5 orc wizards
  Robin (D:3)
  9 gnolls
  8 adders
  2 ufetubi (D:4)
  4 worms
  2 dart slugs
  17 orcs
  9 ball pythons
  7 bats
  9 endoplasms
  2 giant cockroaches
  17 goblins
  5 hobgoblins
  2 quokkas (D:4)
  8 frilled lizards
  15 kobolds
  3 rats (D:1)
159 creatures vanquished.

Vanquished Creatures (others)
  A howler monkey (D:8)
  10 plants (D:5)
11 creatures vanquished.

Grand Total: 170 creatures vanquished

Notes
Turn   | Place    | Note
-------+----------+-------------------------------------------
     0 | D:1      | oldmanjim the Ogre Ice Elementalist began the quest for the
                  | Orb.
     0 | D:1      | Reached XP level 1. HP: 16/16 MP: 3/3
   288 | D:1      | Reached XP level 2. HP: 26/26 MP: 2/5
   345 | D:1      | Reached skill level 1 in Fighting
   742 | D:1      | Found a faded altar of an unknown god.
   762 | D:1      | Reached XP level 3. HP: 28/33 MP: 1/7
   898 | D:1      | Learned a level 3 spell: Frozen Ramparts
  1854 | D:2      | Reached skill level 2 in Fighting
  2081 | D:2      | Reached XP level 4. HP: 42/42 MP: 2/8
  2483 | D:3      | Noticed Robin
  2489 | D:3      | Killed Robin
  2758 | D:3      | Noticed Sigmund
  2777 | D:3      | Killed Sigmund
  2778 | D:3      | Reached skill level 4 in Fighting
  2778 | D:3      | Reached skill level 1 in Shields
  2778 | D:3      | Reached XP level 5. HP: 33/54 MP: 3/10
  2778 | D:3      | Reached XP level 6. HP: 38/62 MP: 3/11
  3542 | D:4      | Found Gowooha's Weapon Emporium.
  3658 | D:4      | Reached skill level 5 in Fighting
  3841 | D:4      | Reached XP level 7. HP: 71/72 MP: 9/13
  4705 | D:5      | Entered Level 5 of the Dungeon
  4711 | D:5      | Reached skill level 5 in Ice Magic
  4923 | D:5      | Reached skill level 5 in Spellcasting
  4927 | D:5      | Learned a level 3 spell: Ozocubu's Armour
  4932 | D:5      | Learned a level 4 spell: Hailstorm
  5374 | D:5      | Found Cilethroo's Antique Weapon Boutique.
  5424 | D:5      | Reached skill level 1 in Conjurations
  5634 | D:5      | Found an opulent altar of Gozag.
  5934 | D:6      | Identified the +4 mace of Saltpetre {flame, rCorr Str+9
                  | Int-3 Dex-5}
  5951 | D:6      | You fall into a shaft and drop 1 floor!
  5963 | D:7      | Reached XP level 8. HP: 73/80 MP: 8/15
  6173 | D:7      | Reached skill level 5 in Shields
  6735 | D:7      | Reached skill level 6 in Fighting
  7174 | D:6      | Reached XP level 9. HP: 41/92 MP: 15/18
  8626 | D:7      | Reached skill level 7 in Fighting
  9174 | D:7      | Found a sparkling altar of Nemelex Xobeh.
  9218 | D:7      | Found a staircase to the Ecumenical Temple.
  9411 | Temple   | Entered the Ecumenical Temple
  9510 | Temple   | Became a worshipper of Vehumet
  9564 | D:8      | Noticed Joseph
  9583 | D:7      | HP: 4/88 [wight/+0 mace (4)]
  9584 | D:7      | HP: 1/130 [wight/+0 mace (4)]
  9584 | D:7      | Slain by a wight

Illustrated notes

Levels and vault maps discovered:
D:1:      elethiomel_arrival_shortcut, layout_loops_ring,
          shapermc_ecumenical_altar_mp_urbaneastern, minmay_three_crescents
D:2:      layout_basic
D:3:      layout_loops_ring, uniq_sigmund, uniq_robin
D:4:      layout_basic, serial_shops, shop_coins
D:5:      layout_loops_cross, mainiacjoe_overflow_alcove_1, serial_shops,
          nicolae_lakefront_shop, serial_bayou, serial_bayou_pond_d,
          serial_bayou_lake_a, serial_bayou_pond_c, serial_bayou_shore_b
D:6:      layout_rooms
D:7:      layout_loops_ring, nemelex_diamond_rough_becter,
          minmay_temple_entry_enclosed_plants, enter_bailey_5,
          minmay_misc_feat_plants, dk_noncrumbling_4
D:8:      layout_cave_pools, nicolae_ru_sacrificial_ziggurat,
          david_lair_shrubbed, nicolae_underground_beach, uniq_grum, uniq_joseph
Temple:   compressed_dpeg_circular_temple

Skill      XL: |  1  2  3  4  5  6  7  8  9 |
---------------+----------------------------+-----
Fighting       | 1 2 4 5 6 7 |  7.3
Stealth        | 2 |  2.1
Spellcasting   | 3 4 5 6 |  6.8
Ice Magic      | 4 5 6 |  6.0
Shields        | 1 2 4 5 |  5.3
Dodging        | 2 |  2.0
Conjurations   | 2 3 |  3.5

Action                   |  1- 3 |  4- 6 |  7- 9 || total
-------------------------+-------+-------+-------++-------
Melee: Unarmed           |     1 |       |       ||     1
       Dagger            |    40 |    27 |    95 ||   162
       Punch             |       |     1 |       ||     1
Throw: Stone             |     4 |    56 |    77 ||   137
       Large rock        |       |       |     3 ||     3
 Cast: Freeze            |    36 |    18 |    20 ||    74
       Frozen Ramparts   |     9 |    19 |    60 ||    88
       Ozocubu's Armour  |       |       |    19 ||    19
  Use: Scroll            |       |       |     9 ||     9
       Potion            |       |       |     1 ||     1
 Stab: Sleeping          |     4 |     2 |     1 ||     7
Armor: Robe              |    26 |    11 |    12 ||    49
       Steam dragon scal |       |       |    45 ||    45
Dodge: Dodged            |    25 |    20 |    89 ||   134

Table legend: (Time is in decaauts)
 A = Elapsed time spent in this place.
 B = Non-inter-level travel time spent in this place.
 C = Inter-level travel time spent in this place.
 D = Time resting spent in this place.
 E = Time spent auto-exploring this place.
 F = Levels seen in this place.
 G = Mean time per level.
                   A        B        C        D        E       F      G
               +--------+--------+--------+--------+--------+-----+--------+
         Total |   9659 |   9066 |    593 |    369 |   7303 |   9 | 1073.2 |
       Dungeon |   9545 |   8992 |    553 |    369 |   7246 |   8 | 1193.1 |
        Temple |    113 |     73 |     40 |      0 |     57 |   1 |  113.0 |
               +--------+--------+--------+--------+--------+-----+--------+

Top non-repeatable levels by time:
     D:7: 1829 daAuts
     D:5: 1768 daAuts
     D:4: 1548 daAuts
     D:1: 1402 daAuts
     D:2: 1085 daAuts
     D:3: 1022 daAuts
     D:6: 876 daAuts
  Temple: 113 daAuts
     D:8: 11 daAuts
